 Dungeon Crawl Stone Soup version 0.24.0-10-g970556be89 (console) character file.

Game seed: 2326569175638939267, levelgen mode: deterministic

21 AlterAsc the Stinger (level 2, -2/19 HPs)
             Began as a Demonspawn Venom Mage on Nov 3, 2019.
             Slain by a leopard gecko (5 damage)
             ... on level 3 of the Dungeon.
             The game lasted 00:03:18 (805 turns).

AlterAsc the Stinger (Demonspawn Venom Mage)         Turns: 805, Time: 00:03:19

Health: -2/19      AC:  4    Str:  8    XL:     2   Next: 65%
Magic:  4/5        EV: 12    Int: 16    God:
Gold:   8          SH:  0    Dex: 13    Spells: 4/5 levels left

rFire    . . .     SeeInvis .     - Unarmed
rCold    . . .     Gourm    .   (no shield)
rNeg     . . .     Faith    .   h - +0 leather armour (curse)
rPois    .         Spirit   .   m - +0 helmet (curse)
rElec    .         Reflect  .   (no cloak)
rCorr    .         Harm     .   (no gloves)
MR       .....                  (no boots)
Stlth    ++........             e - amulet of regeneration
HPRegen  0.46/turn              (no ring)
MPRegen  0.09/turn              (no ring)

@: no status effects
A: rot immunity
a: no special abilities


You were on level 3 of the Dungeon.
You were not hungry.

You visited 1 branch of the dungeon, and saw 3 of its levels.

You collected 8 gold pieces.

Inventory:

Armour
 a - a +0 robe
 h - a cursed +0 leather armour (worn)
 m - a cursed +0 helmet (worn)
Jewellery
 b - an uncursed amulet of magic regeneration
 e - an amulet of regeneration (around neck)
Wands
 l - a wand of paralysis (8)
Scrolls
 d - a scroll of immolation {unknown}
 f - 2 scrolls of remove curse {unknown}
 g - a scroll of magic mapping {unknown}
 i - a scroll of amnesia {unknown}
 j - a scroll of fog {unknown}
 o - a scroll of identify {unknown}
Potions
 n - a potion of heal wounds {unknown}
 p - a potion of might {unknown}
 q - 2 potions of curing {unknown}
Comestibles
 c - 3 rations
 k - 5 chunks of flesh


   Skills:
 - Level 2.0 Dodging
 - Level 1.8 Stealth
 * Level 1.0 Unarmed Combat
 + Level 2.2 Spellcasting
 + Level 1.4 Conjurations
 + Level 3.1 Poison Magic


You had 4 spell levels left.
You knew the following spells:

 Your Spells              Type           Power        Failure   Level  Hunger
a - Sting                 Conj/Pois      #...         12%         1    #......

Your spell library contained the following spells:

 Spells                   Type           Power        Failure   Level  Hunger
 Poisonous Vapours        Pois/Air       #.....       24%         2    ###....
 Mephitic Cloud           Conj/Pois/Air  #.......     43%         3    ###....
 Olgreb's Toxic Radiance  Pois           ##......     63%         4    #####..
 Venom Bolt               Conj/Pois      #.........   97%         5    ######.


Dungeon Overview and Level Annotations

Branches:
Dungeon (3/15)

Altars:

Annotations:
D:2 Robin


Innate Abilities, Weirdness & Mutations

You are immune to rotting.


Message History

* * * LOW HITPOINT WARNING * * *
An orc wizard comes into view. It is wielding a +0 dagger.
An orc comes into view. It is wielding a -1 whip.
The leopard gecko bites you.
* * * LOW HITPOINT WARNING * * *
Casting: Sting (safe; 12% risk of failure)
Confirm with . or Enter, or press ? or * to list all spells.
Aiming: Sting (safe; 12% risk of failure)
Press: ? - help, Shift-Dir - straight line, f - leopard gecko
Aim: a leopard gecko (clinging)
The sting hits the leopard gecko but does no damage.
The leopard gecko is poisoned.
The leopard gecko closely misses you.
The orc shouts!
An orc comes into view. It is wielding a +0 short sword.
An orc priest comes into view. It is wielding a -2 whip.
The leopard gecko looks more healthy.
A leopard gecko comes into view.
The orc shouts!
The leopard gecko bites you.
You die...

..o.. ..l.. #######.o..
#.......o..# .
#.......##.#..
#####.............
#.............# #
#....g.ggl@.# ###.###
#....###.##.###.......
#........#..#)<.#.....
#....##.......รท......#
#....##.#....#######..
###.##.....#.# #.
#....(#.# .. #.#......
#.............


You could see an orc wizard (wandering), 2 orcs, 2 leopard geckos and 3 goblins.

Vanquished Creatures
  A worm (D:2)
  A giant cockroach (D:1)
  4 goblins
  A hobgoblin (D:1)
  5 kobolds
  A ball python (D:1)
  A bat (D:1)
  4 rats
18 creatures vanquished.

Notes
Turn   | Place    | Note
-------+----------+-------------------------------------------
     0 | D:1      | AlterAsc the Demonspawn Venom Mage began the quest for the
                  | Orb.
     0 | D:1      | Reached XP level 1. HP: 13/13 MP: 3/3
   246 | D:1      | Gained mutation: You are immune to rotting. [demonic
                  | ancestry]
   246 | D:1      | Reached XP level 2. HP: 15/19 MP: 3/5
   748 | D:2      | Noticed Robin
   770 | D:3      | Reached skill level 1 in Unarmed Combat
   805 | D:3      | Slain by a leopard gecko

Levels and vault maps discovered:
D:1:      dpeg_arrival_water_temple_mockup, layout_loops_ring
D:2:      layout_basic, nicolae_overflow_hidden_temple, uniq_robin,
          uniq_crazy_yiuf_cottage
D:3:      layout_rooms, lemuel_round_altar, first_ration, led_sif_book,
          uniq_ijyb

Skill      XL: |  1  2 |
---------------+-------+-----
Dodging        | 2 |  2.0
Unarmed Combat | 1 |  1.0
Stealth        | |  1.8
Spellcasting   | |  2.2
Conjurations   | |  1.4
Poison Magic   | |  3.1

Action                   || total
-------------------------++-------
Melee: Unarmed           ||    55
 Cast: Sting             ||    12
 Stab: Sleeping          ||     1
Armor: Leather armour    ||     9
       Robe              ||     1
Dodge: Dodged            ||    37
